 Dungeon Crawl Stone Soup version 0.30.0-29-ga12c61a403 (webtiles) character file.

Game seed: 4894469083845127625

442 Sabo the Chopper (level 7, -6/48 HPs)
             Began as an Octopode Monk on June 25, 2023.
             Mangled by a troll (8 damage)
             ... on level 5 of the Dungeon.
             The game lasted 00:21:50 (4496 turns).

Sabo the Chopper (Octopode Monk)                    Turns: 4496, Time: 00:21:51

Health: -6/48      AC:  1    Str: 12    XL:     7   Next: 2%
Magic:  7/7        EV: 14    Int: 19    God:
Gold:   250        SH:  0    Dex: 14    Spells: 6/6 levels left

rFire   . . .        s - +2 hand axe (freeze)
rCold   . . .        c - orb {light}
rNeg    . . .        (helmet restricted)
rPois   +            (no amulet)
rElec   .            q - +6 ring of intelligence
rCorr   .            w - ring of poison resistance
SInv    .            (no ring)
Will    .....        (no ring)
Stlth   ++           (no ring)
HPRegen 0.28/turn    (no ring)
MPRegen 0.10/turn    (no ring)
                     (no ring)

%: no passive effects
@: glowing
A: almost no armour, amphibious, 8 rings, camouflage 1, gelatinous body 1,
(nimble swimmer 1), tentacles
a: no special abilities


You were on level 5 of the Dungeon.
You visited 1 branch of the dungeon, and saw 5 of its levels.

You collected 250 gold pieces.

Inventory:

Hand Weapons
 s - a +2 hand axe of freezing (weapon)
 v - a +2 antimagic spear
Missiles
 e - 5 datura-tipped darts (quivered)
 h - 8 boomerangs
 m - 4 silver javelins
 n - 2 javelins
Armour
 c - an orb of light (worn)
Jewellery
 q - a +6 ring of intelligence (left tentacle)
 w - a ring of poison resistance (right tentacle)
Wands
 o - a wand of charming (9)
 x - a wand of roots (7)
Scrolls
 f - a scroll of poison
 j - 2 scrolls of fear
 k - a scroll of blinking
 p - a scroll of enchant armour
Potions
 a - a potion of resistance {unknown}
 b - 2 potions of ambrosia
 d - 4 potions of curing
 g - a potion of heal wounds {unknown}
 i - 3 potions of brilliance
 l - a potion of haste {unknown}
 r - 2 potions of lignification {unknown}
 t - 3 potions of degeneration {unknown}
 u - a potion of flight {unknown}


   Skills:
 + Level 4.0 Fighting
 + Level 5.8 Axes
 + Level 1.3 Throwing
 + Level 4.0 Dodging
 + Level 3.4 Stealth


You had 6 spell levels left.
You didn't know any spells.
Your spell library contained the following spells:

 Spells                   Type           Power      Damage    Failure   Level
 Kiss of Death            Conj/Necr      0%         2d5       21%         1
 Cigotuvi's Dreadful Rot  Necr/Pois/Air  0%         N/A       30%         2
 Confusing Touch          Hex            0%         N/A       52%         3
 Ignite Poison            Fire/Tmut/Pois 0%         N/A       52%         3
 Vhi's Electric Charge    Tloc/Air       0%         N/A       52%         3
 Dispel Undead            Necr           0%         3d6       90%         4
 Sticky Flame             Conj/Fire      0%         2d3       90%         4
 Arcjolt                  Conj/Air       0%         1d10      99%         5
 Freezing Cloud           Conj/Ice/Air   0%         6-21      99%         5
 Plasma Beam              Fire/Air       0%         2x1d11    100%        6
 Ignition                 Fire           0%         3d3       100%        8


Dungeon Overview and Level Annotations

Branches:
Dungeon (5/15)
 Temple: D:4-7

Altars:

Shops:
D:1 (

Annotations:
D:3 2 transporters, ChiefBigBeans's ghost, amateur DsGl
D:4 1 runed translucent door, BONEBRO's ghost, amateur MfSu


Innate Abilities, Weirdness & Mutations

You cannot wear most types of armour.
You are amphibious.
You can wear up to eight rings at the same time.
Your skin changes colour to match your surroundings (Stealth+).
Your rubbery body absorbs attacks. (AC +1, EV +1)
((You are camouflaged when in or above water. (Stealth+)))
You have tentacles for arms and can constrict up to eight enemies at once.


Message History

You kill the orc!
Things that are here:
a +0 dagger; a +0 short sword; a +0 leather armour You barely miss the orc.
You grab the orc. You squeeze the orc.
The orc is moderately wounded.
You constrict the orc. The orc misses you.
You hit the orc but do no damage. You squeeze the orc.
You kill the orc!
t - 3 lumpy emerald potions (gained 1)
Things that are here:
a +0 club; a +0 ring mail; an orc corpse
Things that are here:
a +0 dagger; a +0 short sword; a +0 leather armour You see here a +0 hand axe.
Things that are here:
a +0 dagger; a +0 short sword; a +0 leather armour
Things that are here:
a +0 club; a +0 ring mail; an orc corpse
Found a potion of curing.
You open the door.
Found 6 gold pieces.
A jelly comes into view.
There is an open door here.
A troll comes into view.
There is an open door here.
You hit the troll. You freeze the troll. You squeeze the troll.
The troll is heavily wounded.
The troll closely misses you. The troll claws you! x2
You slash the troll! You freeze the troll. Your squeeze misses the troll.
The troll is severely wounded.
The troll misses you. The troll claws you! The troll closely misses you.
You hit the troll. You freeze the troll.
The troll is severely wounded.
The troll closely misses you. The troll barely misses you. The troll claws you.
You hit the troll but do no damage.
The troll is severely wounded.
The troll barely misses you. The troll claws you!
* * * LOW HITPOINT WARNING * * *
The troll claws you!
You die...

#. !. #.### .. #.... #.# #
##...## #.# # ##..$..## #.#
## ##.......## ##.## .##
#.........####...## ...
+.........JT@.....#
...##.........####...######
##.###.......## #.........#
##.# ##.....## #.##.####.#
##.# ##...## #.##.# ...#
##+## #.##.## ##.# #.#
#.##..# ...######.# #.###.#
..)).)....## #.###.###.#


You could see a troll and a jelly.

Vanquished Creatures
  A black bear (D:5)
  An ogre (D:4)
  A hound (D:5)
  2 orc wizards (D:4)
  An iguana (D:5)
  4 adders
  3 gnolls (D:5)
  A worm (D:2)
  A dart slug (D:4)
  10 orcs
  3 bats
  5 endoplasms
  3 giant cockroaches
  3 goblins
  9 hobgoblins
  7 jackals
  7 kobolds
  3 quokkas
  8 ball pythons
  A frilled lizard (D:3)
  3 rats
77 creatures vanquished.

Vanquished Creatures (collateral kills)
  An orc (D:5)
1 creature vanquished.

Grand Total: 78 creatures vanquished

Notes
Turn   | Place    | Note
-------+----------+-------------------------------------------
     0 | D:1      | Sabo the Octopode Monk began the quest for the Orb.
     0 | D:1      | Reached XP level 1. HP: 16/16 MP: 1/1
    83 | D:1      | Found Impicwaz's Antique Weapon Shop.
   137 | D:1      | Reached XP level 2. HP: 13/21 MP: 2/2
  1060 | D:2      | Reached XP level 3. HP: 26/26 MP: 3/3
  1114 | D:2      | Reached skill level 1 in Stealth
  1770 | D:3      | Found a transporter.
  1770 | D:3      | Noticed ChiefBigBeans's ghost (amateur DsGl)
  2157 | D:3      | Reached XP level 4. HP: 27/31 MP: 4/4
  2184 | D:3      | Found a transporter.
  2684 | D:4      | Reached skill level 4 in Axes
  2684 | D:4      | Found a runed translucent door.
  2997 | D:4      | Reached XP level 5. HP: 26/36 MP: 5/5
  3282 | D:4      | Noticed an ogre
  3290 | D:4      | Killed an ogre
  3291 | D:4      | Reached skill level 5 in Axes
  3291 | D:4      | Reached skill level 1 in Throwing
  3291 | D:4      | Reached XP level 6. HP: 31/43 MP: 6/6
  3416 | D:4      | Noticed BONEBRO's ghost (amateur MfSu)
  3611 | D:5      | Entered Level 5 of the Dungeon
  3864 | D:5      | Noticed a black bear
  3868 | D:5      | Killed a black bear
  4143 | D:5      | Reached XP level 7. HP: 26/48 MP: 7/7
  4480 | D:5      | Noticed a troll
  4496 | D:5      | HP: 2/48 [troll (14)]
  4496 | D:5      | Mangled by a troll

Illustrated notes

Levels and vault maps discovered:
D:1:      eino_arrival_water_cross, layout_basic, serial_shops, shop
D:2:      layout_loops_cross
D:3:      layout_loops_ring, gammafunk_ghost_arena
D:4:      layout_cave_pools, ebering_ghost_reflecting_pool,
          roderic_roman_lattice, st_stairs_5, serial_bayou_crossing
D:5:      layout_loops_corners, uniq_grinder

Skill      XL: |  1  2  3  4  5  6 |
---------------+-------------------+-----
Stealth        | 1 2 3 |  3.4
Axes           | 4 5 |  5.8
Throwing       | 1 |  1.3
Dodging        | 4 |  4.0
Fighting       | 4 |  4.0

Action                     |  1- 3 |  4- 6 |  7- 9 || total
---------------------------+-------+-------+-------++-------
  Melee: Hand axe          |    65 |    57 |     9 ||   131
         Constrict         |    20 |    18 |     1 ||    39
         Tentacles         |    12 |    17 |     4 ||    33
         Punch             |     1 |       |       ||     1
  Throw: Javelin           |       |     9 |       ||     9
         Throwing net      |       |     1 |       ||     1
         Dart              |       |     3 |       ||     3
    Use: Scroll            |     4 |     4 |       ||     8
         Potion            |       |     1 |       ||     1
   Stab: Sleeping          |     1 |       |       ||     1
 Armour: Skin              |     2 |     5 |       ||     7
  Dodge: Dodged            |    37 |    38 |     9 ||    84
